 Dungeon Crawl Stone Soup version 0.32-a0-928-g1cae6b7ea0 (webtiles) character file.

Game seed: 17052190445091591180

1874 zazu2006 the Cudgeller (level 9, -1/55 (69) HPs)
             Began as a Gnoll Wanderer on Apr 12, 2024.
             Was an Initiate of Vehumet.
             Slain by a spriggan
             ... wielding the +4 rapier of the Scroll {drain, rF+ Dex+3}
              (6 damage)
             ... in a bailey.
             The game lasted 00:17:40 (3723 turns).

zazu2006 the Cudgeller (Gnoll Wanderer)             Turns: 3723, Time: 00:17:40

HP:   -1/55 (69)    AC: 12    Str: 14    XL:     9   Next: 14%
MP:   7/16          EV: 17    Int: 12    God:    Vehumet [......]
Gold: 195           SH:  5    Dex: 13    Spells: 17/18 levels left

rFire   . . .        C - +1 flail (drain)
rCold   . . .        (no shield)
rNeg    . . .        d - +0 leather armour
rPois   .            j - +2 hat
rElec   .            (no cloak)
rCorr   .            (no gloves)
SInv    .            l - +2 pair of boots
Will    .....        t - amulet of reflection
Stlth   ++           r - +4 ring of protection
HPRegen 0.29/turn    w - +5 ring of evasion
MPRegen 0.15/turn

%: reflection
@: heavily drained
A: fangs 1, strong nose, distributed training
a: Renounce Religion


You were in a bailey.
You worshipped Vehumet.
Vehumet was noncommittal.
You visited 2 branches of the dungeon, and saw 9 of its levels.
You also visited: Bailey.

You collected 239 gold pieces.
You spent 44 gold pieces at shops.

Inventory:

Hand Weapons
 C - a +1 flail of draining (weapon)
Missiles
 f - 3 poisoned darts
Armour
 d - a +0 leather armour (worn)
 j - a +2 hat (worn)
 l - a +2 pair of boots (worn)
Jewellery
 n - a ring of positive energy
 r - a +4 ring of protection (left hand)
 t - an amulet of reflection (around neck)
 w - a +5 ring of evasion (right hand)
 B - a ring of willpower
Wands
 b - a wand of flame (21)
Scrolls
 a - 2 scrolls of vulnerability
 c - 2 scrolls of fear
 e - 3 scrolls of teleportation
 g - a scroll of brand weapon
 k - a scroll of noise
 m - 2 scrolls of enchant weapon
 u - a scroll of poison
 y - 4 scrolls of fog
 A - a scroll of torment
Potions
 h - 5 potions of curing
 i - a potion of haste {unknown}
 o - a potion of brilliance {unknown}
 s - a potion of heal wounds {unknown}
 v - a potion of magic
 x - a potion of lignification {unknown}
 z - 2 potions of attraction {unknown}


   Skills:
 + Level 6.2 Fighting
 + Level 4.1 Short Blades
 + Level 4.1 Long Blades
 + Level 4.1 Axes
 + Level 7.8 Maces & Flails
 + Level 4.1 Polearms
 + Level 4.1 Staves
 + Level 4.1 Ranged Weapons
 + Level 4.9 Throwing
 + Level 4.1 Armour
 + Level 4.1 Dodging
 + Level 4.1 Stealth
 + Level 4.1 Shields
 + Level 4.1 Unarmed Combat
 + Level 5.0 Spellcasting
 + Level 3.3 Conjurations
 + Level 3.3 Hexes
 + Level 3.3 Summonings
 + Level 3.3 Necromancy
 + Level 3.3 Translocations
 + Level 3.3 Fire Magic
 + Level 3.3 Ice Magic
 + Level 3.3 Air Magic
 + Level 5.1 Earth Magic
 + Level 3.3 Alchemy
 + Level 4.5 Invocations
 + Level 4.9 Evocations
 + Level 3.7 Shapeshifting


You had 17 spell levels left.
You knew the following spells:

 Your Spells              Type           Power      Damage    Failure   Level
a - Sandblast             Erth           30%        2d9       3%          1

Your spell library contained the following spells:

 Spells                   Type           Power      Damage    Failure   Level
 Magic Dart               Conj           44%        1d5       6%          1
 Apportation              Tloc           22%        N/A       6%          1
 Necrotise                Necr           44%        1d6       6%          1
 Sting                    Conj/Alch      44%        1d5       6%          1
 Summon Small Mammal      Summ           44%        N/A       6%          1
 Passwall                 Erth           15%        N/A       9%          3
 Ensorcelled Hibernation  Hex/Ice        22%        N/A       10%         2
 Lesser Beckoning         Tloc           22%        N/A       10%         2
 Stone Arrow              Conj/Erth      26%        3d8       13%         3
 Fugue of the Fallen      Necr           11%        N/A       19%         3
 Maxwell's Portable Pile  Tloc           11%        2d(6-16)  19%         3
 Swiftness                Air            11%        N/A       19%         3
 Teleport Other           Tloc           11%        N/A       19%         3
 Petrify                  Alch/Erth      13%        N/A       38%         4
 Anguish                  Hex/Necr       5%         N/A       52%         4


Dungeon Overview and Level Annotations

Branches:
Dungeon (8/15)             Temple (1/1) D:5          Bailey (1/1)
   Lair: D:8-11

Altars:
Ashenzari
Cheibriados
Dithmenos
Elyvilon
Fedhas
Gozag
Hepliaklqana
Kikubaaqudgha
Makhleb
Nemelex Xobeh
Okawaru
Qazlal
Ru
Sif Muna
Trog
Uskayaw
Vehumet
Wu Jian
Xom
Yredelemnul
Zin
The Shining One

Shops:
D:1 !   D:4 *

Annotations:
D:3 3 runed translucent doors, Hubris850's ghost, amateur CoAr


Innate Abilities, Weirdness & Mutations

You have very sharp teeth.
Your uncanny sense of smell can sniff out nearby items.
Your experience applies equally to all skills.


Message History

Aim: a spriggan, wielding the +4 rapier of the Scroll {drain, rF+ Dex+3} (lightly wounded, 63% to hit)
The blast of sand hits the spriggan.
The spriggan is moderately wounded.
The spriggan closely misses you. x2
Casting: Sandblast (safe; 3% risk of failure)
Confirm with . or Enter, or press ? or * to list all spells.
Aiming: Sandblast (safe; 3% risk of failure)
Press: ? - help, Shift-Dir - straight line, f/p - spriggan
Aim: a spriggan, wielding the +4 rapier of the Scroll {drain, rF+ Dex+3} (moderately wounded, 63% to hit)
The blast of sand misses the spriggan.
The spriggan hits you but does no damage.
You feel drained.
Unknown command.
Casting: Sandblast (safe; 3% risk of failure)
Confirm with . or Enter, or press ? or * to list all spells.
Aiming: Sandblast (safe; 3% risk of failure)
Press: ? - help, Shift-Dir - straight line, f/p - spriggan
Aim: a spriggan, wielding the +4 rapier of the Scroll {drain, rF+ Dex+3} (moderately wounded, 63% to hit)
The blast of sand misses the spriggan.
The spriggan hits you with the +4 rapier of the Scroll.
You feel drained.
The spriggan hits you with the +4 rapier of the Scroll!
* * * LOW HITPOINT WARNING * * *
You feel drained.
* * * LOW HITPOINT WARNING * * *
Aiming: Throw Flame
Press: ? - help, Shift-Dir - straight line, f/p - spriggan
Aim: a spriggan, wielding the +4 rapier of the Scroll {drain, rF+ Dex+3} (moderately wounded, 48% to hit)
The puff of flame hits the spriggan.
The spriggan resists.
The spriggan is heavily wounded.
The spriggan closely misses you.
Aiming: Throw Flame
Press: ? - help, Shift-Dir - straight line, f/p - spriggan
Aim: a spriggan, wielding the +4 rapier of the Scroll {drain, rF+ Dex+3} (heavily wounded, 48% to hit)
The puff of flame hits the spriggan.
The spriggan resists.
The spriggan is heavily wounded.
The spriggan hits you with the +4 rapier of the Scroll!
* * * LOW HITPOINT WARNING * * *
You feel drained.
You die...

##)......#
##.........#
##..♣♣####♣..#
##..## #..#
##..## #..
#..## #. #.)♣
#..# #.@# ∆ ∆
#.i# ∆∆ ∆∆
#..♣ ∆∆∆ #..##
##..# ##..♣
##.). #....
#.....


You could see a spriggan.

Vanquished Creatures
  2 spriggans (Bailey)
  A sky beast (D:7)
  An orc warrior (D:8)
  5 ogres
  A centaur (D:8)
  A bullfrog (D:8)
  A scorpion (D:4)
  2 wights (D:7)
  A howler monkey (D:4)
  2 jellies
  3 hounds
  An orc priest (D:8)
  A gnoll bouda (D:6)
  4 iguanas
  An orc wizard (D:8)
  7 gnolls
  4 adders
  2 river rats (D:4)
  A white imp (D:5)
  5 ribbon worms
  A dart slug (D:3)
  21 orcs
  4 ball pythons
  6 endoplasms
  3 giant cockroaches
  8 goblins
  14 hobgoblins
  7 jackals
  7 kobolds
  6 quokkas
  13 bats
  2 frilled lizards
  5 rats
143 creatures vanquished.

Vanquished Creatures (others)
  An orc (D:8)
1 creature vanquished.

Grand Total: 144 creatures vanquished

Notes
Turn   | Place    | Note
-------+----------+-------------------------------------------
     0 | D:1      | zazu2006 the Gnoll Wanderer began the quest for the Orb.
     0 | D:1      | zazu2006 set off with the following items: a +0 mace, a
                  | wand of flame (5), a scroll of fear, a +0 leather armour;
                  | and the following spell memorised: Sandblast; and the
                  | following spells available to memorise: Stone Arrow,
                  | Petrify.
     0 | D:1      | Reached XP level 1. HP: 20/20 MP: 4/4
   167 | D:1      | Found Mov Duv's Distillery.
   171 | D:1      | Reached XP level 2. HP: 26/26 MP: 2/5
   173 | D:1      | Bought a potion of degeneration for 11 gold pieces
   173 | D:1      | Bought a potion of curing for 33 gold pieces
   634 | D:1      | Reached XP level 3. HP: 28/31 MP: 4/7
   661 | D:2      | Reached skill level 1 in Invocations
   844 | D:2      | Reached skill level 1 in Short Blades
   844 | D:2      | Reached skill level 1 in Long Blades
   844 | D:2      | Reached skill level 1 in Axes
   844 | D:2      | Reached skill level 1 in Polearms
   844 | D:2      | Reached skill level 1 in Staves
   844 | D:2      | Reached skill level 1 in Ranged Weapons
   844 | D:2      | Reached skill level 1 in Armour
   844 | D:2      | Reached skill level 1 in Dodging
   844 | D:2      | Reached skill level 1 in Stealth
   844 | D:2      | Reached skill level 1 in Shields
   844 | D:2      | Reached skill level 1 in Unarmed Combat
   959 | D:2      | Reached skill level 1 in Shapeshifting
   959 | D:2      | Reached XP level 4. HP: 38/38 MP: 3/8
  1182 | D:3      | Reached skill level 1 in Conjurations
  1182 | D:3      | Reached skill level 1 in Hexes
  1182 | D:3      | Reached skill level 1 in Summonings
  1182 | D:3      | Reached skill level 1 in Necromancy
  1182 | D:3      | Reached skill level 1 in Translocations
  1182 | D:3      | Reached skill level 1 in Fire Magic
  1182 | D:3      | Reached skill level 1 in Ice Magic
  1182 | D:3      | Reached skill level 1 in Air Magic
  1182 | D:3      | Reached skill level 1 in Alchemy
  1263 | D:3      | Found a runed translucent gate.
  1263 | D:3      | Found a runed translucent gate.
  1263 | D:3      | Found a runed translucent gate.
  1376 | D:3      | Noticed Hubris850's ghost (amateur CoAr)
  1448 | D:3      | Reached XP level 5. HP: 43/43 MP: 3/9
  1646 | D:4      | Found Kissuf's Assorted Antiques.
  1766 | D:4      | Reached XP level 6. HP: 46/50 MP: 3/11
  1786 | D:4      | Reached skill level 5 in Fighting
  1897 | D:5      | Entered Level 5 of the Dungeon
  1903 | D:5      | Found a staircase to the Ecumenical Temple.
  1913 | Temple   | Entered the Ecumenical Temple
  1949 | Temple   | Became a worshipper of Vehumet
  2320 | D:5      | Reached skill level 7 in Maces & Flails
  2320 | D:5      | Reached XP level 7. HP: 24/56 MP: 5/12
  2562 | D:6      | Identified the +0 chain mail "Bafinyul" {rElec rPois}
  2956 | D:7      | Noticed a steam dragon
  3154 | D:7      | Reached XP level 8. HP: 8/63 MP: 2/14
  3257 | D:8      | Found a stormy altar of Qazlal.
  3259 | D:8      | Reached * piety under Vehumet
  3259 | D:8      | Offered knowledge of Magic Dart by Vehumet.
  3460 | D:8      | Found a flagged portal.
  3468 | Bailey   | Entered a bailey
  3560 | Bailey   | Noticed a spriggan
  3566 | Bailey   | Killed a spriggan
  3567 | Bailey   | Reached skill level 5 in Earth Magic
  3630 | Bailey   | Noticed a spriggan
  3637 | Bailey   | Killed a spriggan
  3638 | Bailey   | Reached skill level 5 in Spellcasting
  3638 | Bailey   | Reached XP level 9. HP: 40/69 MP: 11/16
  3711 | Bailey   | Identified the +4 rapier of the Scroll {drain, rF+ Dex+3}
  3723 | Bailey   | Slain by a spriggan

Illustrated notes

Levels and vault maps discovered:
D:1:      moated_graveyard_arrival, layout_basic, ebering_ecumenical_altar_rust,
          serial_shops, shop, nicolae_concentric_dashed_squares_wild,
          minmay_gold_behind_fungi
D:2:      layout_basic
D:3:      layout_basic, gammafunk_ghost_split, hangedman_decor_clover_reticule,
          grunt_decor_junction, roderic_batcave, grunt_decor_one_mirror,
          minmay_misc_feat_roman, minmay_distorted
D:4:      layout_cave_pods, serial_shops, shop, portal_sewer_entry_a,
          uniq_sigmund
D:5:      layout_basic, minmay_temple_entry_trees, kennysheep_opposing_triangles
D:6:      layout_gridville, uniq_blork_the_orc
D:7:      layout_cave_pools
D:8:      layout_basic, mainiacjoe_overflow_chevrons, enter_bailey_6,
          serial_shops, nicolae_shop_advertising_works
          [nicolae_subvault_shop_adworks], guppyfry_shop_venom
Temple:   minmay_crystal_snake_temple
Bailey:   bailey_polearm_enchanted_keep_hellmonk, bailey

Skill      XL: |  1  2  3  4  5  6  7  8 |
---------------+-------------------------+-----
Invocations    | 1 2 3 4 |  4.5
Short Blades   | 1 2 3 4 |  4.1
Long Blades    | 1 2 3 4 |  4.1
Axes           | 1 2 3 4 |  4.1
Polearms       | 1 2 3 4 |  4.1
Staves         | 1 2 3 4 |  4.1
Ranged Weapons | 1 2 3 4 |  4.1
Armour         | 1 2 3 4 |  4.1
Dodging        | 1 2 3 4 |  4.1
Stealth        | 1 2 3 4 |  4.1
Shields        | 1 2 3 4 |  4.1
Unarmed Combat | 1 2 3 4 |  4.1
Shapeshifting  | 1 2 3 |  3.7
Spellcasting   | 3 4 5 |  5.0
Conjurations   | 1 2 3 |  3.3
Hexes          | 1 2 3 |  3.3
Summonings     | 1 2 3 |  3.3
Necromancy     | 1 2 3 |  3.3
Translocations | 1 2 3 |  3.3
Fire Magic     | 1 2 3 |  3.3
Ice Magic      | 1 2 3 |  3.3
Air Magic      | 1 2 3 |  3.3
Alchemy        | 1 2 3 |  3.3
Throwing       | 3 4 |  4.9
Evocations     | 3 4 |  4.9
Earth Magic    | 4 5 |  5.1
Fighting       | 5 6 |  6.2
Maces & Flails | 7 |  7.8

Action                     |  1- 3 |  4- 6 |  7- 9 || total
---------------------------+-------+-------+-------++-------
  Melee: Mace              |    35 |   119 |    21 ||   175
         Bite              |     5 |    14 |    12 ||    31
         Flail             |       |       |    69 ||    69
   Cast: Sandblast         |    47 |   101 |   135 ||   283
  Evoke: Wand              |       |       |     8 ||     8
    Use: Potion            |       |       |     4 ||     4
         Scroll            |       |       |    11 ||    11
   Stab: Invisible         |       |       |     1 ||     1
 Armour: Leather armour    |    45 |    89 |   124 ||   258
  Dodge: Dodged            |    29 |   136 |   154 ||   319
  Block: Other             |       |    30 |    44 ||    74
         Reflection        |       |       |     3 ||     3

Table legend: (Time is in decaauts)
 A = Elapsed time spent in this place.
 B = Non-inter-level travel time spent in this place.
 C = Inter-level travel time spent in this place.
 D = Time resting spent in this place.
 E = Time spent auto-exploring this place.
 F = Levels seen in this place.
 G = Mean time per level.
                   A        B        C        D        E       F      G
               +--------+--------+--------+--------+--------+-----+--------+
         Total |   3883 |   3729 |    154 |    126 |   1269 |  10 |  388.3 |
       Dungeon |   3532 |   3446 |     86 |    126 |   1088 |   8 |  441.5 |
        Temple |     70 |      2 |     68 |      0 |      0 |   1 |   70.0 |
        Bailey |    280 |    280 |      0 |      0 |    181 |   1 |  280.0 |
               +--------+--------+--------+--------+--------+-----+--------+

Top non-repeatable levels by time:
     D:1: 670 daAuts
     D:5: 549 daAuts
     D:3: 504 daAuts
     D:2: 452 daAuts
     D:6: 427 daAuts
     D:4: 335 daAuts
     D:8: 310 daAuts
     D:7: 281 daAuts
  Bailey: 280 daAuts
  Temple: 70 daAuts
